Workbook

Sheet List_Frame_1
A1: Check Number | C1: Check Date | D1: Vendor Name | E1: Transaction Amount | T1: Description | U1: Account Name | V1: Department | W1: Division | X1: Object of Expenditure | Y1: Project Number
A2: 395771 | C2: 41681 | D2: ALLIED ELECTRONICS INC | E2: 941.99 | T2: BUILDER'S SUPPLIES | U2: BUILDING SUPPLIES | V2: FACILITIES & PARKS | W2: BUILD SUP-SHARED | X2: BUILDER'S SUPPLIES | Y2: B03001
Y3: B03001
E4: 51.82 | T4: HAND TOOLS-NOT CLASSIFIED | U4: SMALL TOOLS | V4: FACILITIES & PARKS | W4: BUILD SUP - ADMIN | X4: HAND TOOLS-NOT CLASSIFIED
O6: =SUM(hList_Frame_1!B1:B3) -> 993.81
A8: 395772 | C8: 41681 | D8: BOB TOMES FORD | E8: 696.59 | T8: AUTO/TRUCK MAINT. ITEMS | U8: PARTS | X8: AUTO/TRUCK MAINT. ITEMS
E9: 165.88 | T9: BLANKET PURCHASE ORDER | U9: AUTO MAINTENANCE | V9: EQUIPMENT SERVICES | W9: EQUIP SERV-SHARED | X9: BLANKET PURCHASE ORDER
E14: 99 | T14: EQUIPMENT MAINTENANCE,REC | U14: AUTO MAINTENANCE | V14: EQUIPMENT SERVICES | W14: EQUIP SERV-SHARED | X14: EQUIPMENT MAINTENANCE,REC
E15: -600 | T15: INV 5357650 | U15: AUTO MAINTENANCE | V15: EQUIPMENT SERVICES | W15: EQUIP SERV-SHARED | X15: INV 5357650
E16: -121.4 | T16: INV# 5360190 | U16: AUTO MAINTENANCE | V16: EQUIPMENT SERVICES | W16: EQUIP SERV-SHARED | X16: INV# 5360190
E17: 121.4 | T17: INV# 5360435 | U17: AUTO MAINTENANCE | V17: EQUIPMENT SERVICES | W17: EQUIP SERV-SHARED | X17: INV# 5360435
A18: 396085 | C18: 41688 | E18: 2506.5 | T18: BLANKET PURCHASE ORDER | U18: AUTO MAINTENANCE | V18: EQUIPMENT SERVICES | W18: EQUIP SERV-SHARED | X18: BLANKET PURCHASE ORDER
E31: 1357.44 | T31: EQUIPMENT MAINTENANCE,REC | U31: AUTO MAINTENANCE | V31: EQUIPMENT SERVICES | W31: EQUIP SERV-SHARED | X31: EQUIPMENT MAINTENANCE,REC
E32: -75.84 | T32: INV# 5361133 | U32: AUTO MAINTENANCE | V32: EQUIPMENT SERVICES | W32: EQUIP SERV-SHARED | X32: INV# 5361133
E33: 75.84 | T33: INV# 5361954 | U33: AUTO MAINTENANCE | V33: EQUIPMENT SERVICES | W33: EQUIP SERV-SHARED | X33: INV# 5361954
A34: 396488 | C34: 41695 | E34: 179.9 | T34: BLANKET PURCHASE ORDER | U34: AUTO MAINTENANCE | V34: EQUIPMENT SERVICES | W34: EQUIP SERV-SHARED | X34: BLANKET PURCHASE ORDER
M37: =SUM(hList_Frame_1!B4:B31) -> 4405.31
A39: 395465 | C39: 41674 | D39: BOB BARKER CO | E39: 20.13 | T39: PERSONAL HYGIENE&GROOMING | U39: DETENTION SUPPLIES | V39: JUVENILE PROBATION | W39: JUV DET -ADMIN | X39: PERSONAL HYGIENE&GROOMING
A40: 395773 | C40: 41681 | E40: 2635.2 | T40: CLOTHING AND APPAREL | U40: DETENTION SUPPLIES | V40: SHERIFF'S OFFICE | W40: MINIMUM SECURITY | X40: CLOTHING AND APPAREL
M42: =SUM(hList_Frame_1!B32:B33) -> 2655.33
A44: 395466 | C44: 41674 | D44: C&W ELECTRIC SUPPLY CO | E44: 211.52 | T44: ELECTRICAL EQUIP/SUPPLIES | U44: FACILITIES WAREHOUSE | X44: ELECTRICAL EQUIP/SUPPLIES
A45: 395774 | C45: 41681 | E45: 595 | T45: BUILDER'S SUPPLIES | U45: BUILDING MAINTENANCE | V45: FACILITIES & PARKS | W45: BUILD SUP-SHARED | X45: BUILDER'S SUPPLIES | Y45: B11001
E46: 388.2 | T46: ELECTRICAL EQUIP/SUPPLIES | U46: BUILDING SUPPLIES | V46: FACILITIES & PARKS | W46: BUILD SUP-SHARED | X46: ELECTRICAL EQUIP/SUPPLIES | Y46: B03001
Y47: B03001
E48: 493 | T48: HVAC EQUIP/PART/ACCESSORY | U48: HVAC MAINTENANCE | V48: FACILITIES & PARKS | W48: BUILD SUP-SHARED | X48: HVAC EQUIP/PART/ACCESSORY | Y48: B10001
A49: 396086 | C49: 41688 | E49: 1400.1 | T49: ELECTRICAL EQUIP/SUPPLIES | U49: BUILDING MAINTENANCE | V49: FACILITIES & PARKS | W49: BUILD SUP-SHARED | X49: ELECTRICAL EQUIP/SUPPLIES | Y49: B06002
U50: FACILITIES WAREHOUSE
E52: 149.18 | T52: JANITORIAL SUPPLIES-GEN. | U52: BUILDING MAINTENANCE | V52: FACILITIES & PARKS | W52: BUILD SUP-SHARED | X52: JANITORIAL SUPPLIES-GEN. | Y52: B03001
A53: 396489 | C53: 41695 | E53: 744.68 | T53: BUILDER'S SUPPLIES | U53: BUILDING MAINTENANCE | V53: FACILITIES & PARKS | W53: BUILD SUP-SHARED | X53: BUILDER'S SUPPLIES | Y53: B03001
Y54: B03002
E55: 529.98 | T55: ELECTRICAL CABLES & WIRES | U55: FACILITIES WAREHOUSE | X55: ELECTRICAL CABLES & WIRES
E56: 3896.92 | T56: ELECTRICAL EQUIP/SUPPLIES | U56: BUILDING MAINTENANCE | V56: FACILITIES & PARKS | W56: FAC-JJAEP FACILITY | X56: ELECTRICAL EQUIP/SUPPLIES | Y56: U41018
Y57: U41018
U58: FACILITIES WAREHOUSE
M60: =SUM(hList_Frame_1!B34:B48) -> 8408.58
A62: 396490 | C62: 41695 | D62: ECOLAB INC | E62: 1703.9 | T62: JANITORIAL SUPPLIES-GEN. | U62: ANIMAL CARE | V62: ANIMAL SHELTER | W62: ANIMAL SHELTER-ADMIN | X62: JANITORIAL SUPPLIES-GEN.
M64: =SUM(hList_Frame_1!B49:B49) -> 1703.9
A66: 396491 | C66: 41695 | D66: MICO INDUSTRIAL CORP | E66: 134.4 | T66: BUILDER'S SUPPLIES | U66: ANIMAL CARE | V66: ANIMAL SHELTER | W66: ANIMAL SHELTER-ADMIN | X66: BUILDER'S SUPPLIES
O68: =SUM(hList_Frame_1!B50:B50) -> 134.4
A70: 395775 | C70: 41681 | D70: GIBBS, GREGG M PC | E70: 500 | T70: 417-70223-13 | U70: COURT APPOINTED ATTORNEY | V70: INDIGENT DEFENSE | W70: JUVENILE COURT-IND DEF | X70: 417-70223-13 | Y70: ID417J
A71: 396087 | C71: 41688 | E71: 1462.5 | T71: 199-30073-13 | U71: COURT APPOINTED ATTORNEY | V71: INDIGENT DEFENSE | W71: INDIGENT DEFENSE | X71: 199-30073-13 | Y71: ID199A
E72: 1616 | T72: 429-04686-12 | U72: COURT APPOINTED ATTORNEY | V72: INDIGENT DEFENSE | W72: INDIGENT DEFENSE | X72: 429-04686-12 | Y72: ID429F
A73: 396492 | C73: 41695 | E73: 675 | T73: 199-30112-13 | U73: COURT APPOINTED ATTORNEY | V73: INDIGENT DEFENSE | W73: INDIGENT DEFENSE | X73: 199-30112-13 | Y73: ID199A
E74: 400 | T74: 219-50057-05 | U74: COURT APPOINTED ATTORNEY | V74: INDIGENT DEFENSE | W74: INDIGENT DEFENSE | X74: 219-50057-05 | Y74: ID219A
E75: 450 | T75: 219-51574-08 | U75: COURT APPOINTED ATTORNEY | V75: INDIGENT DEFENSE | W75: INDIGENT DEFENSE | X75: 219-51574-08 | Y75: ID219A
E76: 868.75 | T76: 366-30052-12 | U76: COURT APPOINTED ATTORNEY | V76: INDIGENT DEFENSE | W76: INDIGENT DEFENSE | X76: 366-30052-12 | Y76: ID366A
E77: 2787.5 | T77: 366-50956-11 | U77: COURT APPOINTED ATTORNEY | V77: INDIGENT DEFENSE | W77: INDIGENT DEFENSE | X77: 366-50956-11 | Y77: ID366A
E78: 1143.75 | T78: 366-51563-09 | U78: COURT APPOINTED ATTORNEY | V78: INDIGENT DEFENSE | W78: INDIGENT DEFENSE | X78: 366-51563-09 | Y78: ID366A
E79: 2312.5 | T79: 401-52529-09 | U79: COURT APPOINTED ATTORNEY | V79: INDIGENT DEFENSE | W79: INDIGENT DEFENSE | X79: 401-52529-09 | Y79: ID401A
E80: 1962.5 | T80: 401-52576-11 | U80: COURT APPOINTED ATTORNEY | V80: INDIGENT DEFENSE | W80: INDIGENT DEFENSE | X80: 401-52576-11 | Y80: ID401A
E81: 2673.75 | T81: 401-52586-04 | U81: COURT APPOINTED ATTORNEY | V81: INDIGENT DEFENSE | W81: INDIGENT DEFENSE | X81: 401-52586-04 | Y81: ID401A
E82: 1118.75 | T82: 417-30076-13 | U82: COURT APPOINTED ATTORNEY | V82: INDIGENT DEFENSE | W82: INDIGENT DEFENSE | X82: 417-30076-13 | Y82: ID417A
J84: =SUM(hList_Frame_1!B51:B63) -> 17971
A86: 396088 | C86: 41688 | D86: HEIDENHEIMER, MARK | E86: 550 | T86: 001-87980-13 | U86: COURT APPOINTED ATTORNEY | V86: INDIGENT DEFENSE | W86: INDIGENT DEFENSE | X86: 001-87980-13 | Y86: IDCL1M
O88: =SUM(hList_Frame_1!B64:B64) -> 550
A90: 395776 | C90: 41681 | D90: POLLOCK PAPER DISTRIBUTORS | E90: 145.74 | T90: SUPPLIES | U90: JANITORIAL SUPPLIES | V90: FACILITIES & PARKS | W90: FAC-HEALTH ANNEX | X90: SUPPLIES | Y90: B20001
A91: 396089 | C91: 41688 | E91: 312.3 | T91: FLOOR MAINT MACHINE/PARTS | U91: JANITORIAL SUPPLIES | V91: FACILITIES & PARKS | W91: BUILD SUP-SHARED | X91: FLOOR MAINT MACHINE/PARTS | Y91: B17001
Y92: B17001
A93: 396493 | C93: 41695 | E93: 441 | T93: PAPER/PLASTIC, DISPOSABLE | U93: CENTRAL SUPPLY | X93: PAPER/PLASTIC, DISPOSABLE
O95: =SUM(hList_Frame_1!B65:B68) -> 899.04
A97: 396494 | C97: 41695 | D97: PENGAD INC | E97: 20.55 | T97: OFFICE SUPPLIES (GENERAL) | U97: OFFICE SUPPLIES | V97: JUSTICES OF THE PEACE | W97: JP3-2 ADMIN | X97: OFFICE SUPPLIES (GENERAL)
Q99: =SUM(hList_Frame_1!B69:B69) -> 20.55
A101: 395777 | C101: 41681 | D101: THOMASON TIRE INC | E101: 884.95 | T101: BLANKET PURCHASE ORDER | U101: AUTO MAINTENANCE | V101: EQUIPMENT SERVICES | W101: EQUIP SERV-SHARED | X101: BLANKET PURCHASE ORDER
E109: 450 | T109: TIRES AND TUBES | U109: PARTS | X109: TIRES AND TUBES
A110: 396495 | C110: 41695 | E110: 404.73 | T110: EQUIP MAINT-GENERAL EQUIP | U110: RESTORATION | V110: MYERS PARK | W110: FARM MUS-ADMIN | X110: EQUIP MAINT-GENERAL EQUIP
M112: =SUM(hList_Frame_1!B70:B79) -> 1739.68
A114: 395778 | C114: 41681 | D114: TX STATE DIRECTORY | E114: 47.45 | T114: ELECTIONS | U114: DUES & SUBSCRIPTIONS | V114: ELECTIONS | W114: ELECTIONS-ADMIN | X114: ELECTIONS
A115: 396496 | C115: 41695 | E115: 88.4 | T115: PUBLICATIONS/AUDIOVISUALS | U115: DUES & SUBSCRIPTIONS | V115: TAX ASSESSOR/COLLECTOR | W115: TAX A/C - ADMIN | X115: PUBLICATIONS/AUDIOVISUALS
O117: =SUM(hList_Frame_1!B80:B81) -> 135.85
A119: 395467 | C119: 41674 | D119: WEST PUBLISHING CORPORATION | E119: 539.5 | T119: PUBLICATIONS/AUDIOVISUALS | U119: DUES & SUBSCRIPTIONS | V119: CONSTABLES | W119: C3-ADMIN | X119: PUBLICATIONS/AUDIOVISUALS
V121: ELECTIONS | W121: ELECTIONS-ADMIN
A122: 395779 | C122: 41681 | E122: 2997.38 | T122: PUBLICATIONS/AUDIOVISUALS | U122: DUES & SUBSCRIPTIONS | V122: UNALLOCATED | W122: NON-DEPARTMENTAL | X122: PUBLICATIONS/AUDIOVISUALS
U124: LIBRARY BOOKS | V124: DISTRICT ATTORNEY | W124: DA-ADMIN
A125: 395780 | C125: 41681 | E125: 51 | T125: PUBLICATIONS/AUDIOVISUALS | U125: DUES & SUBSCRIPTIONS | V125: JUSTICES OF THE PEACE | W125: JP2-ADMIN | X125: PUBLICATIONS/AUDIOVISUALS
A126: 395781 | C126: 41681 | E126: 57 | T126: PUBLICATIONS/AUDIOVISUALS | U126: DUES & SUBSCRIPTIONS | V126: DISTRICT CLERK | W126: DIST CLERK-ADMIN | X126: PUBLICATIONS/AUDIOVISUALS
A127: 396090 | C127: 41688 | E127: 8098.29 | T127: PUBLICATIONS/AUDIOVISUALS | U127: COMMUNICATION LINE LEASE | V127: BUDGET | W127: LAW LIBRARY-ADMIN | X127: PUBLICATIONS/AUDIOVISUALS
U128: DUES & SUBSCRIPTIONS | V128: UNALLOCATED | W128: NON-DEPARTMENTAL
U129: LIBRARY UPDATES | V129: BUDGET | W129: LAW LIBRARY-ADMIN
A130: 396497 | C130: 41695 | E130: 95.75 | T130: PUBLICATIONS/AUDIOVISUALS | U130: DUES & SUBSCRIPTIONS | V130: UNALLOCATED | W130: NON-DEPARTMENTAL | X130: PUBLICATIONS/AUDIOVISUALS
U131: LIBRARY BOOKS | V131: DISTRICT ATTORNEY | W131: DA-ADMIN
K133: =SUM(hList_Frame_1!B82:B94) -> 11838.92
A135: 395782 | C135: 41681 | D135: PLANO POWER EQUIPMENT | E135: 437.4 | T135: AGRI. IMPLEMENTS & PARTS | U135: PARTS | X135: AGRI. IMPLEMENTS & PARTS
E136: 48.53 | T136: BLANKET PURCHASE ORDER | U136: GROUNDS EQUIPMENT MAINT | V136: EQUIPMENT SERVICES | W136: EQUIP SERV-SHARED | X136: BLANKET PURCHASE ORDER
E137: 495 | T137: LAWN & GROUNDS EQUIPMENT | U137: PARTS | X137: LAWN & GROUNDS EQUIPMENT
A138: 396091 | C138: 41688 | E138: 521.13 | T138: BLANKET PURCHASE ORDER | U138: GROUNDS EQUIPMENT MAINT | V138: EQUIPMENT SERVICES | W138: EQUIP SERV-SHARED | X138: BLANKET PURCHASE ORDER
M141: =SUM(hList_Frame_1!B95:B99) -> 1502.06
A143: 395468 | C143: 41674 | D143: GEBO CREDIT CORPORATION | E143: 35.7 | T143: BLANKET PURCHASE ORDER | U143: ANIMAL CARE | V143: ANIMAL SHELTER | W143: ANIMAL SHELTER-ADMIN | X143: BLANKET PURCHASE ORDER
A144: 396092 | C144: 41688 | E144: 35.9 | T144: BLANKET PURCHASE ORDER | U144: SMALL TOOLS | V144: PUBLIC WORKS | W144: R&B - ADMIN | X144: BLANKET PURCHASE ORDER
Q146: =SUM(hList_Frame_1!B100:B101) -> 71.6
A148: 395470 | C148: 41674 | D148: BEN E KEITH CO | E148: 14.07 | T148: ABRASIVES | U148: MINIMUM SECURITY FOOD | X148: ABRASIVES
E149: 14.35 | T149: BARBER/BEAUTY SHOP EQUIP. | U149: MINIMUM SECURITY FOOD | X149: BARBER/BEAUTY SHOP EQUIP.
E150: 5005.59 | T150: EDIBLE FOODS, STAPLE | U150: FOOD SUPPLIES | V150: SHERIFF'S OFFICE | W150: MINIMUM SECURITY | X150: EDIBLE FOODS, STAPLE
U151: JAIL FOOD
U152: MINIMUM SECURITY FOOD
E154: 4720.24 | T154: FOODS, PERISHABLE | U154: JAIL FOOD | X154: FOODS, PERISHABLE
U155: MINIMUM SECURITY FOOD
E157: 1369.94 | T157: FOODS, READY-TO-EAT | U157: JAIL FOOD | X157: FOODS, READY-TO-EAT
U158: MINIMUM SECURITY FOOD
E159: 707.95 | T159: FOODS:STAPLE GROCERY&GROC | U159: FOOD SUPPLIES | V159: JUVENILE PROBATION | W159: JUV DET -ADMIN | X159: FOODS:STAPLE GROCERY&GROC
E160: 27.92 | T160: PAPER/PLASTIC, DISPOSABLE | U160: MINIMUM SECURITY FOOD | X160: PAPER/PLASTIC, DISPOSABLE
...

Sheet hList_Frame_1
A1: =IF(ISBLANK(List_Frame_1!A2),"",IF(ISTEXT(List_Frame_1!A2),0,List_Frame_1!A2)) -> 395771 | B1: =IF(ISBLANK(List_Frame_1!E2),"",IF(ISTEXT(List_Frame_1!E2),0,List_Frame_1!E2)) -> 941.99
A2: =IF(ISBLANK(List_Frame_1!A3),"",IF(ISTEXT(List_Frame_1!A3),0,List_Frame_1!A3)) | B2: =IF(ISBLANK(List_Frame_1!E3),"",IF(ISTEXT(List_Frame_1!E3),0,List_Frame_1!E3))
A3: =IF(ISBLANK(List_Frame_1!A4),"",IF(ISTEXT(List_Frame_1!A4),0,List_Frame_1!A4)) | B3: =IF(ISBLANK(List_Frame_1!E4),"",IF(ISTEXT(List_Frame_1!E4),0,List_Frame_1!E4)) -> 51.82
A4: =IF(ISBLANK(List_Frame_1!A8),"",IF(ISTEXT(List_Frame_1!A8),0,List_Frame_1!A8)) -> 395772 | B4: =IF(ISBLANK(List_Frame_1!E8),"",IF(ISTEXT(List_Frame_1!E8),0,List_Frame_1!E8)) -> 696.59
A5: =IF(ISBLANK(List_Frame_1!A9),"",IF(ISTEXT(List_Frame_1!A9),0,List_Frame_1!A9)) | B5: =IF(ISBLANK(List_Frame_1!E9),"",IF(ISTEXT(List_Frame_1!E9),0,List_Frame_1!E9)) -> 165.88
A6: =IF(ISBLANK(List_Frame_1!A10),"",IF(ISTEXT(List_Frame_1!A10),0,List_Frame_1!A10)) | B6: =IF(ISBLANK(List_Frame_1!E10),"",IF(ISTEXT(List_Frame_1!E10),0,List_Frame_1!E10))
A7: =IF(ISBLANK(List_Frame_1!A11),"",IF(ISTEXT(List_Frame_1!A11),0,List_Frame_1!A11)) | B7: =IF(ISBLANK(List_Frame_1!E11),"",IF(ISTEXT(List_Frame_1!E11),0,List_Frame_1!E11))
A8: =IF(ISBLANK(List_Frame_1!A12),"",IF(ISTEXT(List_Frame_1!A12),0,List_Frame_1!A12)) | B8: =IF(ISBLANK(List_Frame_1!E12),"",IF(ISTEXT(List_Frame_1!E12),0,List_Frame_1!E12))
A9: =IF(ISBLANK(List_Frame_1!A13),"",IF(ISTEXT(List_Frame_1!A13),0,List_Frame_1!A13)) | B9: =IF(ISBLANK(List_Frame_1!E13),"",IF(ISTEXT(List_Frame_1!E13),0,List_Frame_1!E13))
A10: =IF(ISBLANK(List_Frame_1!A14),"",IF(ISTEXT(List_Frame_1!A14),0,List_Frame_1!A14)) | B10: =IF(ISBLANK(List_Frame_1!E14),"",IF(ISTEXT(List_Frame_1!E14),0,List_Frame_1!E14)) -> 99
A11: =IF(ISBLANK(List_Frame_1!A15),"",IF(ISTEXT(List_Frame_1!A15),0,List_Frame_1!A15)) | B11: =IF(ISBLANK(List_Frame_1!E15),"",IF(ISTEXT(List_Frame_1!E15),0,List_Frame_1!E15)) -> -600
A12: =IF(ISBLANK(List_Frame_1!A16),"",IF(ISTEXT(List_Frame_1!A16),0,List_Frame_1!A16)) | B12: =IF(ISBLANK(List_Frame_1!E16),"",IF(ISTEXT(List_Frame_1!E16),0,List_Frame_1!E16)) -> -121.4
A13: =IF(ISBLANK(List_Frame_1!A17),"",IF(ISTEXT(List_Frame_1!A17),0,List_Frame_1!A17)) | B13: =IF(ISBLANK(List_Frame_1!E17),"",IF(ISTEXT(List_Frame_1!E17),0,List_Frame_1!E17)) -> 121.4
A14: =IF(ISBLANK(List_Frame_1!A18),"",IF(ISTEXT(List_Frame_1!A18),0,List_Frame_1!A18)) -> 396085 | B14: =IF(ISBLANK(List_Frame_1!E18),"",IF(ISTEXT(List_Frame_1!E18),0,List_Frame_1!E18)) -> 2506.5
A15: =IF(ISBLANK(List_Frame_1!A19),"",IF(ISTEXT(List_Frame_1!A19),0,List_Frame_1!A19)) | B15: =IF(ISBLANK(List_Frame_1!E19),"",IF(ISTEXT(List_Frame_1!E19),0,List_Frame_1!E19))
... A31: =IF(ISBLANK(List_Frame_1!A35),"",IF(ISTEXT(List_Frame_1!A35),0,List_Frame_1!A35)) | B31: =IF(ISBLANK(List_Frame_1!E35),"",IF(ISTEXT(List_Frame_1!E35),0,List_Frame_1!E35))
A32: =IF(ISBLANK(List_Frame_1!A39),"",IF(ISTEXT(List_Frame_1!A39),0,List_Frame_1!A39)) -> 395465 | B32: =IF(ISBLANK(List_Frame_1!E39),"",IF(ISTEXT(List_Frame_1!E39),0,List_Frame_1!E39)) -> 20.13
A33: =IF(ISBLANK(List_Frame_1!A40),"",IF(ISTEXT(List_Frame_1!A40),0,List_Frame_1!A40)) -> 395773 | B33: =IF(ISBLANK(List_Frame_1!E40),"",IF(ISTEXT(List_Frame_1!E40),0,List_Frame_1!E40)) -> 2635.2
A34: =IF(ISBLANK(List_Frame_1!A44),"",IF(ISTEXT(List_Frame_1!A44),0,List_Frame_1!A44)) -> 395466 | B34: =IF(ISBLANK(List_Frame_1!E44),"",IF(ISTEXT(List_Frame_1!E44),0,List_Frame_1!E44)) -> 211.52
A35: =IF(ISBLANK(List_Frame_1!A45),"",IF(ISTEXT(List_Frame_1!A45),0,List_Frame_1!A45)) -> 395774 | B35: =IF(ISBLANK(List_Frame_1!E45),"",IF(ISTEXT(List_Frame_1!E45),0,List_Frame_1!E45)) -> 595
A36: =IF(ISBLANK(List_Frame_1!A46),"",IF(ISTEXT(List_Frame_1!A46),0,List_Frame_1!A46)) | B36: =IF(ISBLANK(List_Frame_1!E46),"",IF(ISTEXT(List_Frame_1!E46),0,List_Frame_1!E46)) -> 388.2
A37: =IF(ISBLANK(List_Frame_1!A47),"",IF(ISTEXT(List_Frame_1!A47),0,List_Frame_1!A47)) | B37: =IF(ISBLANK(List_Frame_1!E47),"",IF(ISTEXT(List_Frame_1!E47),0,List_Frame_1!E47))
A38: =IF(ISBLANK(List_Frame_1!A48),"",IF(ISTEXT(List_Frame_1!A48),0,List_Frame_1!A48)) | B38: =IF(ISBLANK(List_Frame_1!E48),"",IF(ISTEXT(List_Frame_1!E48),0,List_Frame_1!E48)) -> 493
A39: =IF(ISBLANK(List_Frame_1!A49),"",IF(ISTEXT(List_Frame_1!A49),0,List_Frame_1!A49)) -> 396086 | B39: =IF(ISBLANK(List_Frame_1!E49),"",IF(ISTEXT(List_Frame_1!E49),0,List_Frame_1!E49)) -> 1400.1
A40: =IF(ISBLANK(List_Frame_1!A50),"",IF(ISTEXT(List_Frame_1!A50),0,List_Frame_1!A50)) | B40: =IF(ISBLANK(List_Frame_1!E50),"",IF(ISTEXT(List_Frame_1!E50),0,List_Frame_1!E50))
A41: =IF(ISBLANK(List_Frame_1!A51),"",IF(ISTEXT(List_Frame_1!A51),0,List_Frame_1!A51)) | B41: =IF(ISBLANK(List_Frame_1!E51),"",IF(ISTEXT(List_Frame_1!E51),0,List_Frame_1!E51))
A42: =IF(ISBLANK(List_Frame_1!A52),"",IF(ISTEXT(List_Frame_1!A52),0,List_Frame_1!A52)) | B42: =IF(ISBLANK(List_Frame_1!E52),"",IF(ISTEXT(List_Frame_1!E52),0,List_Frame_1!E52)) -> 149.18
A43: =IF(ISBLANK(List_Frame_1!A53),"",IF(ISTEXT(List_Frame_1!A53),0,List_Frame_1!A53)) -> 396489 | B43: =IF(ISBLANK(List_Frame_1!E53),"",IF(ISTEXT(List_Frame_1!E53),0,List_Frame_1!E53)) -> 744.68
A44: =IF(ISBLANK(List_Frame_1!A54),"",IF(ISTEXT(List_Frame_1!A54),0,List_Frame_1!A54)) | B44: =IF(ISBLANK(List_Frame_1!E54),"",IF(ISTEXT(List_Frame_1!E54),0,List_Frame_1!E54))
A45: =IF(ISBLANK(List_Frame_1!A55),"",IF(ISTEXT(List_Frame_1!A55),0,List_Frame_1!A55)) | B45: =IF(ISBLANK(List_Frame_1!E55),"",IF(ISTEXT(List_Frame_1!E55),0,List_Frame_1!E55)) -> 529.98
... A48: =IF(ISBLANK(List_Frame_1!A58),"",IF(ISTEXT(List_Frame_1!A58),0,List_Frame_1!A58)) | B48: =IF(ISBLANK(List_Frame_1!E58),"",IF(ISTEXT(List_Frame_1!E58),0,List_Frame_1!E58))
A49: =IF(ISBLANK(List_Frame_1!A62),"",IF(ISTEXT(List_Frame_1!A62),0,List_Frame_1!A62)) -> 396490 | B49: =IF(ISBLANK(List_Frame_1!E62),"",IF(ISTEXT(List_Frame_1!E62),0,List_Frame_1!E62)) -> 1703.9
A50: =IF(ISBLANK(List_Frame_1!A66),"",IF(ISTEXT(List_Frame_1!A66),0,List_Frame_1!A66)) -> 396491 | B50: =IF(ISBLANK(List_Frame_1!E66),"",IF(ISTEXT(List_Frame_1!E66),0,List_Frame_1!E66)) -> 134.4
A51: =IF(ISBLANK(List_Frame_1!A70),"",IF(ISTEXT(List_Frame_1!A70),0,List_Frame_1!A70)) -> 395775 | B51: =IF(ISBLANK(List_Frame_1!E70),"",IF(ISTEXT(List_Frame_1!E70),0,List_Frame_1!E70)) -> 500
A52: =IF(ISBLANK(List_Frame_1!A71),"",IF(ISTEXT(List_Frame_1!A71),0,List_Frame_1!A71)) -> 396087 | B52: =IF(ISBLANK(List_Frame_1!E71),"",IF(ISTEXT(List_Frame_1!E71),0,List_Frame_1!E71)) -> 1462.5
A53: =IF(ISBLANK(List_Frame_1!A72),"",IF(ISTEXT(List_Frame_1!A72),0,List_Frame_1!A72)) | B53: =IF(ISBLANK(List_Frame_1!E72),"",IF(ISTEXT(List_Frame_1!E72),0,List_Frame_1!E72)) -> 1616
A54: =IF(ISBLANK(List_Frame_1!A73),"",IF(ISTEXT(List_Frame_1!A73),0,List_Frame_1!A73)) -> 396492 | B54: =IF(ISBLANK(List_Frame_1!E73),"",IF(ISTEXT(List_Frame_1!E73),0,List_Frame_1!E73)) -> 675
A55: =IF(ISBLANK(List_Frame_1!A74),"",IF(ISTEXT(List_Frame_1!A74),0,List_Frame_1!A74)) | B55: =IF(ISBLANK(List_Frame_1!E74),"",IF(ISTEXT(List_Frame_1!E74),0,List_Frame_1!E74)) -> 400
A56: =IF(ISBLANK(List_Frame_1!A75),"",IF(ISTEXT(List_Frame_1!A75),0,List_Frame_1!A75)) | B56: =IF(ISBLANK(List_Frame_1!E75),"",IF(ISTEXT(List_Frame_1!E75),0,List_Frame_1!E75)) -> 450
A57: =IF(ISBLANK(List_Frame_1!A76),"",IF(ISTEXT(List_Frame_1!A76),0,List_Frame_1!A76)) | B57: =IF(ISBLANK(List_Frame_1!E76),"",IF(ISTEXT(List_Frame_1!E76),0,List_Frame_1!E76)) -> 868.75
A58: =IF(ISBLANK(List_Frame_1!A77),"",IF(ISTEXT(List_Frame_1!A77),0,List_Frame_1!A77)) | B58: =IF(ISBLANK(List_Frame_1!E77),"",IF(ISTEXT(List_Frame_1!E77),0,List_Frame_1!E77)) -> 2787.5
A59: =IF(ISBLANK(List_Frame_1!A78),"",IF(ISTEXT(List_Frame_1!A78),0,List_Frame_1!A78)) | B59: =IF(ISBLANK(List_Frame_1!E78),"",IF(ISTEXT(List_Frame_1!E78),0,List_Frame_1!E78)) -> 1143.75
A60: =IF(ISBLANK(List_Frame_1!A79),"",IF(ISTEXT(List_Frame_1!A79),0,List_Frame_1!A79)) | B60: =IF(ISBLANK(List_Frame_1!E79),"",IF(ISTEXT(List_Frame_1!E79),0,List_Frame_1!E79)) -> 2312.5
A61: =IF(ISBLANK(List_Frame_1!A80),"",IF(ISTEXT(List_Frame_1!A80),0,List_Frame_1!A80)) | B61: =IF(ISBLANK(List_Frame_1!E80),"",IF(ISTEXT(List_Frame_1!E80),0,List_Frame_1!E80)) -> 1962.5
A62: =IF(ISBLANK(List_Frame_1!A81),"",IF(ISTEXT(List_Frame_1!A81),0,List_Frame_1!A81)) | B62: =IF(ISBLANK(List_Frame_1!E81),"",IF(ISTEXT(List_Frame_1!E81),0,List_Frame_1!E81)) -> 2673.75
A63: =IF(ISBLANK(List_Frame_1!A82),"",IF(ISTEXT(List_Frame_1!A82),0,List_Frame_1!A82)) | B63: =IF(ISBLANK(List_Frame_1!E82),"",IF(ISTEXT(List_Frame_1!E82),0,List_Frame_1!E82)) -> 1118.75
A64: =IF(ISBLANK(List_Frame_1!A86),"",IF(ISTEXT(List_Frame_1!A86),0,List_Frame_1!A86)) -> 396088 | B64: =IF(ISBLANK(List_Frame_1!E86),"",IF(ISTEXT(List_Frame_1!E86),0,List_Frame_1!E86)) -> 550
A65: =IF(ISBLANK(List_Frame_1!A90),"",IF(ISTEXT(List_Frame_1!A90),0,List_Frame_1!A90)) -> 395776 | B65: =IF(ISBLANK(List_Frame_1!E90),"",IF(ISTEXT(List_Frame_1!E90),0,List_Frame_1!E90)) -> 145.74
A66: =IF(ISBLANK(List_Frame_1!A91),"",IF(ISTEXT(List_Frame_1!A91),0,List_Frame_1!A91)) -> 396089 | B66: =IF(ISBLANK(List_Frame_1!E91),"",IF(ISTEXT(List_Frame_1!E91),0,List_Frame_1!E91)) -> 312.3
A67: =IF(ISBLANK(List_Frame_1!A92),"",IF(ISTEXT(List_Frame_1!A92),0,List_Frame_1!A92)) | B67: =IF(ISBLANK(List_Frame_1!E92),"",IF(ISTEXT(List_Frame_1!E92),0,List_Frame_1!E92))
A68: =IF(ISBLANK(List_Frame_1!A93),"",IF(ISTEXT(List_Frame_1!A93),0,List_Frame_1!A93)) -> 396493 | B68: =IF(ISBLANK(List_Frame_1!E93),"",IF(ISTEXT(List_Frame_1!E93),0,List_Frame_1!E93)) -> 441
A69: =IF(ISBLANK(List_Frame_1!A97),"",IF(ISTEXT(List_Frame_1!A97),0,List_Frame_1!A97)) -> 396494 | B69: =IF(ISBLANK(List_Frame_1!E97),"",IF(ISTEXT(List_Frame_1!E97),0,List_Frame_1!E97)) -> 20.55
A70: =IF(ISBLANK(List_Frame_1!A101),"",IF(ISTEXT(List_Frame_1!A101),0,List_Frame_1!A101)) -> 395777 | B70: =IF(ISBLANK(List_Frame_1!E101),"",IF(ISTEXT(List_Frame_1!E101),0,List_Frame_1!E101)) -> 884.95
A71: =IF(ISBLANK(List_Frame_1!A102),"",IF(ISTEXT(List_Frame_1!A102),0,List_Frame_1!A102)) | B71: =IF(ISBLANK(List_Frame_1!E102),"",IF(ISTEXT(List_Frame_1!E102),0,List_Frame_1!E102))
A72: =IF(ISBLANK(List_Frame_1!A103),"",IF(ISTEXT(List_Frame_1!A103),0,List_Frame_1!A103)) | B72: =IF(ISBLANK(List_Frame_1!E103),"",IF(ISTEXT(List_Frame_1!E103),0,List_Frame_1!E103))
A73: =IF(ISBLANK(List_Frame_1!A104),"",IF(ISTEXT(List_Frame_1!A104),0,List_Frame_1!A104)) | B73: =IF(ISBLANK(List_Frame_1!E104),"",IF(ISTEXT(List_Frame_1!E104),0,List_Frame_1!E104))
A74: =IF(ISBLANK(List_Frame_1!A105),"",IF(ISTEXT(List_Frame_1!A105),0,List_Frame_1!A105)) | B74: =IF(ISBLANK(List_Frame_1!E105),"",IF(ISTEXT(List_Frame_1!E105),0,List_Frame_1!E105))
A75: =IF(ISBLANK(List_Frame_1!A106),"",IF(ISTEXT(List_Frame_1!A106),0,List_Frame_1!A106)) | B75: =IF(ISBLANK(List_Frame_1!E106),"",IF(ISTEXT(List_Frame_1!E106),0,List_Frame_1!E106))
A76: =IF(ISBLANK(List_Frame_1!A107),"",IF(ISTEXT(List_Frame_1!A107),0,List_Frame_1!A107)) | B76: =IF(ISBLANK(List_Frame_1!E107),"",IF(ISTEXT(List_Frame_1!E107),0,List_Frame_1!E107))
A77: =IF(ISBLANK(List_Frame_1!A108),"",IF(ISTEXT(List_Frame_1!A108),0,List_Frame_1!A108)) | B77: =IF(ISBLANK(List_Frame_1!E108),"",IF(ISTEXT(List_Frame_1!E108),0,List_Frame_1!E108))
A78: =IF(ISBLANK(List_Frame_1!A109),"",IF(ISTEXT(List_Frame_1!A109),0,List_Frame_1!A109)) | B78: =IF(ISBLANK(List_Frame_1!E109),"",IF(ISTEXT(List_Frame_1!E109),0,List_Frame_1!E109)) -> 450
A79: =IF(ISBLANK(List_Frame_1!A110),"",IF(ISTEXT(List_Frame_1!A110),0,List_Frame_1!A110)) -> 396495 | B79: =IF(ISBLANK(List_Frame_1!E110),"",IF(ISTEXT(List_Frame_1!E110),0,List_Frame_1!E110)) -> 404.73
A80: =IF(ISBLANK(List_Frame_1!A114),"",IF(ISTEXT(List_Frame_1!A114),0,List_Frame_1!A114)) -> 395778 | B80: =IF(ISBLANK(List_Frame_1!E114),"",IF(ISTEXT(List_Frame_1!E114),0,List_Frame_1!E114)) -> 47.45
A81: =IF(ISBLANK(List_Frame_1!A115),"",IF(ISTEXT(List_Frame_1!A115),0,List_Frame_1!A115)) -> 396496 | B81: =IF(ISBLANK(List_Frame_1!E115),"",IF(ISTEXT(List_Frame_1!E115),0,List_Frame_1!E115)) -> 88.4
A82: =IF(ISBLANK(List_Frame_1!A119),"",IF(ISTEXT(List_Frame_1!A119),0,List_Frame_1!A119)) -> 395467 | B82: =IF(ISBLANK(List_Frame_1!E119),"",IF(ISTEXT(List_Frame_1!E119),0,List_Frame_1!E119)) -> 539.5
A83: =IF(ISBLANK(List_Frame_1!A120),"",IF(ISTEXT(List_Frame_1!A120),0,List_Frame_1!A120)) | B83: =IF(ISBLANK(List_Frame_1!E120),"",IF(ISTEXT(List_Frame_1!E120),0,List_Frame_1!E120))
A84: =IF(ISBLANK(List_Frame_1!A121),"",IF(ISTEXT(List_Frame_1!A121),0,List_Frame_1!A121)) | B84: =IF(ISBLANK(List_Frame_1!E121),"",IF(ISTEXT(List_Frame_1!E121),0,List_Frame_1!E121))
A85: =IF(ISBLANK(List_Frame_1!A122),"",IF(ISTEXT(List_Frame_1!A122),0,List_Frame_1!A122)) -> 395779 | B85: =IF(ISBLANK(List_Frame_1!E122),"",IF(ISTEXT(List_Frame_1!E122),0,List_Frame_1!E122)) -> 2997.38
A86: =IF(ISBLANK(List_Frame_1!A123),"",IF(ISTEXT(List_Frame_1!A123),0,List_Frame_1!A123)) | B86: =IF(ISBLANK(List_Frame_1!E123),"",IF(ISTEXT(List_Frame_1!E123),0,List_Frame_1!E123))
A87: =IF(ISBLANK(List_Frame_1!A124),"",IF(ISTEXT(List_Frame_1!A124),0,List_Frame_1!A124)) | B87: =IF(ISBLANK(List_Frame_1!E124),"",IF(ISTEXT(List_Frame_1!E124),0,List_Frame_1!E124))
A88: =IF(ISBLANK(List_Frame_1!A125),"",IF(ISTEXT(List_Frame_1!A125),0,List_Frame_1!A125)) -> 395780 | B88: =IF(ISBLANK(List_Frame_1!E125),"",IF(ISTEXT(List_Frame_1!E125),0,List_Frame_1!E125)) -> 51
A89: =IF(ISBLANK(List_Frame_1!A126),"",IF(ISTEXT(List_Frame_1!A126),0,List_Frame_1!A126)) -> 395781 | B89: =IF(ISBLANK(List_Frame_1!E126),"",IF(ISTEXT(List_Frame_1!E126),0,List_Frame_1!E126)) -> 57
A90: =IF(ISBLANK(List_Frame_1!A127),"",IF(ISTEXT(List_Frame_1!A127),0,List_Frame_1!A127)) -> 396090 | B90: =IF(ISBLANK(List_Frame_1!E127),"",IF(ISTEXT(List_Frame_1!E127),0,List_Frame_1!E127)) -> 8098.29
A91: =IF(ISBLANK(List_Frame_1!A128),"",IF(ISTEXT(List_Frame_1!A128),0,List_Frame_1!A128)) | B91: =IF(ISBLANK(List_Frame_1!E128),"",IF(ISTEXT(List_Frame_1!E128),0,List_Frame_1!E128))
A92: =IF(ISBLANK(List_Frame_1!A129),"",IF(ISTEXT(List_Frame_1!A129),0,List_Frame_1!A129)) | B92: =IF(ISBLANK(List_Frame_1!E129),"",IF(ISTEXT(List_Frame_1!E129),0,List_Frame_1!E129))
A93: =IF(ISBLANK(List_Frame_1!A130),"",IF(ISTEXT(List_Frame_1!A130),0,List_Frame_1!A130)) -> 396497 | B93: =IF(ISBLANK(List_Frame_1!E130),"",IF(ISTEXT(List_Frame_1!E130),0,List_Frame_1!E130)) -> 95.75
A94: =IF(ISBLANK(List_Frame_1!A131),"",IF(ISTEXT(List_Frame_1!A131),0,List_Frame_1!A131)) | B94: =IF(ISBLANK(List_Frame_1!E131),"",IF(ISTEXT(List_Frame_1!E131),0,List_Frame_1!E131))
A95: =IF(ISBLANK(List_Frame_1!A135),"",IF(ISTEXT(List_Frame_1!A135),0,List_Frame_1!A135)) -> 395782 | B95: =IF(ISBLANK(List_Frame_1!E135),"",IF(ISTEXT(List_Frame_1!E135),0,List_Frame_1!E135)) -> 437.4
A96: =IF(ISBLANK(List_Frame_1!A136),"",IF(ISTEXT(List_Frame_1!A136),0,List_Frame_1!A136)) | B96: =IF(ISBLANK(List_Frame_1!E136),"",IF(ISTEXT(List_Frame_1!E136),0,List_Frame_1!E136)) -> 48.53
A97: =IF(ISBLANK(List_Frame_1!A137),"",IF(ISTEXT(List_Frame_1!A137),0,List_Frame_1!A137)) | B97: =IF(ISBLANK(List_Frame_1!E137),"",IF(ISTEXT(List_Frame_1!E137),0,List_Frame_1!E137)) -> 495
A98: =IF(ISBLANK(List_Frame_1!A138),"",IF(ISTEXT(List_Frame_1!A138),0,List_Frame_1!A138)) -> 396091 | B98: =IF(ISBLANK(List_Frame_1!E138),"",IF(ISTEXT(List_Frame_1!E138),0,List_Frame_1!E138)) -> 521.13
A99: =IF(ISBLANK(List_Frame_1!A139),"",IF(ISTEXT(List_Frame_1!A139),0,List_Frame_1!A139)) | B99: =IF(ISBLANK(List_Frame_1!E139),"",IF(ISTEXT(List_Frame_1!E139),0,List_Frame_1!E139))
A100: =IF(ISBLANK(List_Frame_1!A143),"",IF(ISTEXT(List_Frame_1!A143),0,List_Frame_1!A143)) -> 395468 | B100: =IF(ISBLANK(List_Frame_1!E143),"",IF(ISTEXT(List_Frame_1!E143),0,List_Frame_1!E143)) -> 35.7
A101: =IF(ISBLANK(List_Frame_1!A144),"",IF(ISTEXT(List_Frame_1!A144),0,List_Frame_1!A144)) -> 396092 | B101: =IF(ISBLANK(List_Frame_1!E144),"",IF(ISTEXT(List_Frame_1!E144),0,List_Frame_1!E144)) -> 35.9
A102: =IF(ISBLANK(List_Frame_1!A148),"",IF(ISTEXT(List_Frame_1!A148),0,List_Frame_1!A148)) -> 395470 | B102: =IF(ISBLANK(List_Frame_1!E148),"",IF(ISTEXT(List_Frame_1!E148),0,List_Frame_1!E148)) -> 14.07
A103: =IF(ISBLANK(List_Frame_1!A149),"",IF(ISTEXT(List_Frame_1!A149),0,List_Frame_1!A149)) | B103: =IF(ISBLANK(List_Frame_1!E149),"",IF(ISTEXT(List_Frame_1!E149),0,List_Frame_1!E149)) -> 14.35
A104: =IF(ISBLANK(List_Frame_1!A150),"",IF(ISTEXT(List_Frame_1!A150),0,List_Frame_1!A150)) | B104: =IF(ISBLANK(List_Frame_1!E150),"",IF(ISTEXT(List_Frame_1!E150),0,List_Frame_1!E150)) -> 5005.59
A105: =IF(ISBLANK(List_Frame_1!A151),"",IF(ISTEXT(List_Frame_1!A151),0,List_Frame_1!A151)) | B105: =IF(ISBLANK(List_Frame_1!E151),"",IF(ISTEXT(List_Frame_1!E151),0,List_Frame_1!E151))
A106: =IF(ISBLANK(List_Frame_1!A152),"",IF(ISTEXT(List_Frame_1!A152),0,List_Frame_1!A152)) | B106: =IF(ISBLANK(List_Frame_1!E152),"",IF(ISTEXT(List_Frame_1!E152),0,List_Frame_1!E152))
A107: =IF(ISBLANK(List_Frame_1!A153),"",IF(ISTEXT(List_Frame_1!A153),0,List_Frame_1!A153)) | B107: =IF(ISBLANK(List_Frame_1!E153),"",IF(ISTEXT(List_Frame_1!E153),0,List_Frame_1!E153))
A108: =IF(ISBLANK(List_Frame_1!A154),"",IF(ISTEXT(List_Frame_1!A154),0,List_Frame_1!A154)) | B108: =IF(ISBLANK(List_Frame_1!E154),"",IF(ISTEXT(List_Frame_1!E154),0,List_Frame_1!E154)) -> 4720.24
A109: =IF(ISBLANK(List_Frame_1!A155),"",IF(ISTEXT(List_Frame_1!A155),0,List_Frame_1!A155)) | B109: =IF(ISBLANK(List_Frame_1!E155),"",IF(ISTEXT(List_Frame_1!E155),0,List_Frame_1!E155))
A110: =IF(ISBLANK(List_Frame_1!A156),"",IF(ISTEXT(List_Frame_1!A156),0,List_Frame_1!A156)) | B110: =IF(ISBLANK(List_Frame_1!E156),"",IF(ISTEXT(List_Frame_1!E156),0,List_Frame_1!E156))
A111: =IF(ISBLANK(List_Frame_1!A157),"",IF(ISTEXT(List_Frame_1!A157),0,List_Frame_1!A157)) | B111: =IF(ISBLANK(List_Frame_1!E157),"",IF(ISTEXT(List_Frame_1!E157),0,List_Frame_1!E157)) -> 1369.94
A112: =IF(ISBLANK(List_Frame_1!A158),"",IF(ISTEXT(List_Frame_1!A158),0,List_Frame_1!A158)) | B112: =IF(ISBLANK(List_Frame_1!E158),"",IF(ISTEXT(List_Frame_1!E158),0,List_Frame_1!E158))
A113: =IF(ISBLANK(List_Frame_1!A159),"",IF(ISTEXT(List_Frame_1!A159),0,List_Frame_1!A159)) | B113: =IF(ISBLANK(List_Frame_1!E159),"",IF(ISTEXT(List_Frame_1!E159),0,List_Frame_1!E159)) -> 707.95
... A131: =IF(ISBLANK(List_Frame_1!A177),"",IF(ISTEXT(List_Frame_1!A177),0,List_Frame_1!A177)) | B131: =IF(ISBLANK(List_Frame_1!E177),"",IF(ISTEXT(List_Frame_1!E177),0,List_Frame_1!E177)) -> 28.26
A132: =IF(ISBLANK(List_Frame_1!A181),"",IF(ISTEXT(List_Frame_1!A181),0,List_Frame_1!A181)) -> 396499 | B132: =IF(ISBLANK(List_Frame_1!E181),"",IF(ISTEXT(List_Frame_1!E181),0,List_Frame_1!E181)) -> 649.12
A133: =IF(ISBLANK(List_Frame_1!A185),"",IF(ISTEXT(List_Frame_1!A185),0,List_Frame_1!A185)) -> 395784 | B133: =IF(ISBLANK(List_Frame_1!E185),"",IF(ISTEXT(List_Frame_1!E185),0,List_Frame_1!E185)) -> 65.21
A134: =IF(ISBLANK(List_Frame_1!A186),"",IF(ISTEXT(List_Frame_1!A186),0,List_Frame_1!A186)) | B134: =IF(ISBLANK(List_Frame_1!E186),"",IF(ISTEXT(List_Frame_1!E186),0,List_Frame_1!E186)) -> 162.89
...
